 Dungeon Crawl Stone Soup version 0.29.1-2-gbd0b4ee654 (webtiles) character file.

Game seed: 10673617182029659260

49 qeuew the Shield-Bearer (level 3, 0/33 HPs)
             Began as a Minotaur Fighter on Nov 14, 2022.
             Slain by a jackal (2 damage)
             ... on level 2 of the Dungeon.
             The game lasted 00:01:10 (893 turns).

qeuew the Shield-Bearer (Minotaur Fighter)           Turns: 893, Time: 00:01:11

Health: 0/33       AC:  7    Str: 20    XL:     3   Next: 53%
Magic:  2/2        EV:  9    Int:  5    God:
Gold:   0          SH:  5    Dex: 11    Spells: 2/2 levels left

rFire   . . .      SeeInvis .   a - +0 war axe
rCold   . . .      Faith    .   c - +1 buckler
rNeg    . . .      Spirit   .   b - +0 scale mail
rPois   .          Reflect  .   (helmet restricted)
rElec   .          Harm     .   (no cloak)
rCorr   .          Rampage  .   (no gloves)
Will    .....                   (no boots)
Stlth   ..........              (no amulet)
HPRegen 0.11/turn               (no ring)
MPRegen 0.08/turn               (no ring)

@: no status effects
A: horns 2, retaliatory headbutt
a: no special abilities


You were on level 2 of the Dungeon.
You visited 1 branch of the dungeon, and saw 2 of its levels.

Inventory:

Hand Weapons
 a - a +0 war axe (weapon)
Armour
 b - a +0 scale mail (worn)
 c - a +1 buckler (worn)
Potions
 d - a potion of might
 h - a potion of berserk rage


   Skills:
 + Level 4.0 Fighting
 + Level 3.1 Axes
 + Level 4.1 Armour
 + Level 1.3 Dodging
 + Level 4.1 Shields


You had 2 spell levels left.
You didn't know any spells.
Your spell library was empty.

Dungeon Overview and Level Annotations

Branches:
Dungeon (2/15)

Altars:

Annotations:
D:2 Robin


Innate Abilities, Weirdness & Mutations

You have a pair of horns on your head.
You reflexively headbutt those who attack you in melee.


Message History

You headbutt the jackal, but do no damage.
The goblin closely misses you. The goblin hits you with a +0 club.
Robin hits you but does no damage.
You barely miss Robin.
Robin is almost dead.
You slash the goblin!
You kill the goblin!
You barely miss the jackal. You hit the goblin but do no damage.
The jackal closely misses you. The jackal misses you.
The goblin closely misses you.
You barely miss Robin.
Robin is almost dead.
You closely miss the jackal. You hit the goblin. You barely miss the hobgoblin.
You slash the goblin!
You kill the goblin!
The jackal bites you but does no damage.
Robin flexes a bicep menacingly.
Robin hits you with a +0 whip. The hobgoblin barely misses you.
The goblin hits you with a +0 dagger. The jackal bites you.
The goblin barely misses you. You block Robin's attack. The hobgoblin hits you.
* * * LOW HITPOINT WARNING * * *
You hit Robin but do no damage.
Robin is almost dead.
You closely miss the goblin. You closely miss the hobgoblin.
You closely miss the jackal. The jackal closely misses you.
The jackal bites you.
* * * LOW HITPOINT WARNING * * *
The goblin closely misses you. Robin throws the goblin at you!
The hobgoblin hits you.
* * * LOW HITPOINT WARNING * * *
You hit Robin but do no damage.
Robin is almost dead.
You hit the goblin.
You kill the goblin!
You hit the jackal. You hit the hobgoblin but do no damage.
The jackal bites you but does no damage.
Robin closely misses you. The hobgoblin hits you.
* * * LOW HITPOINT WARNING * * *
The jackal bites you.
You die...

.#_#. #.. #. ..#..
#####...#.#####.....
..........#.#.......#
........(...........#
.......##...........#
.............hg)$...##
.............g@)......
............)#####.##
#..........!.....
...##.)..##.#########
.........<.......
.......†..#.#####
..........#...
........#.#.#...
........#...+ ...


You could see Robin, a jackal and a hobgoblin (strong).

Vanquished Creatures
  An adder (D:2)
  A dart slug (D:1)
  2 giant cockroaches (D:1)
  11 goblins
  4 hobgoblins (D:1)
  3 jackals (D:2)
  A kobold (D:2)
  A quokka (D:1)
  3 ball pythons
  4 bats (D:1)
  3 frilled lizards (D:1)
  3 rats (D:1)
37 creatures vanquished.

Vanquished Creatures (others)
  A goblin (D:2)
1 creature vanquished.

Grand Total: 38 creatures vanquished

Notes
Turn   | Place    | Note
-------+----------+-------------------------------------------
     0 | D:1      | qeuew the Minotaur Fighter began the quest for the Orb.
     0 | D:1      | Reached XP level 1. HP: 19/19 MP: 0/0
   208 | D:1      | Reached XP level 2. HP: 27/27 MP: 1/1
   640 | D:1      | Reached skill level 1 in Dodging
   871 | D:2      | Reached XP level 3. HP: 33/33 MP: 2/2
   878 | D:2      | Found a faded altar of an unknown god.
   878 | D:2      | Noticed Robin
   893 | D:2      | Slain by a jackal

Illustrated notes

Levels and vault maps discovered:
D:1:      sevenhm_arrival_forest_fort_large_1, layout_loops_ring
D:2:      layout_basic, chequers_ecumenical_altar_simple, minmay_pentomino_z2,
          uniq_robin

Skill      XL: |  1  2  3 |
---------------+----------+-----
Dodging        | 1 |  1.3
Fighting       | 4 |  4.0
Armour         | 4 |  4.1
Shields        | 4 |  4.1
Axes           | 3 |  3.1

Action                   || total
-------------------------++-------
Melee: War axe           ||    59
       Headbutt          ||     2
  Use: Scroll            ||     3
       Potion            ||     2
Armor: Scale mail        ||    45
Dodge: Dodged            ||    42
Block: Buckler           ||    23
